Havana Tropicals vs Toronto St Pats
Created - Thursday, April 6, 2023 at 07:17
Goals
|
| Havana Tropicals |
2 |
2 |
0 |
4 |
| Toronto St Pats |
0 |
1 |
1 |
2 |
|
Shots
|
| Havana Tropicals |
13 |
20 |
8 |
41 |
| Toronto St Pats |
21 |
9 |
10 |
40 |
|
1st period
1. Havana Tropicals , Pierre-Edouard Bellemare 13 (Zach Whitecloud 10) at 8:38 (PP)
2. Havana Tropicals , Chris Tierney 10 (Sammy Blais 10, Zach Whitecloud 11) at 13:32 (PP)
Penalties :
Nikita Okhotyuk (TSP) for Slashing (Minor) at 8:29, Austin Watson (TSP) for Hooking (Minor) at 12:53
2nd period
3. Havana Tropicals , Chris Tierney 11 (Milan Lucic 5, Sammy Blais 11) at 0:16
4. Havana Tropicals , Chris Tierney 12 (Timothy Liljegren 11) at 9:06 (PP)
5. Toronto St Pats , Quinton Byfield 6 (Jesse Puljujarvi 17, Austin Watson 13) at 15:45
Penalties :
Milan Lucic (HAV) for Interference (Minor) at 3:55, Jesse Puljujarvi (TSP) for Tripping (Minor) at 4:17, Glenn Gawdin (TSP) for Boarding (Minor) at 8:35
3rd period
6. Toronto St Pats , Austin Watson 15 (Jesse Puljujarvi 18, Lucas Carlsson 7) at 13:03
Penalties :
Glenn Gawdin (TSP) for Interference (Minor) at 0:33, Quinton Byfield (TSP) for Holding (Minor) at 4:20, Zach Aston-Reese (HAV) for High sticking (Minor) at 19:10
Goalie Stats
Eric Comrie (HAV), 38 saves from 40 shots - (0.950), W, 11-4-2, 60:00 minutes
Jakub Skarek (TSP), 37 saves from 41 shots - (0.902), L, 1-2-2, 60:00 minutes
Players Stats for Havana Tropicals
Player Name G A P +/- PIM S H SB GA TA FO MP PP MP PK MP
------------------------------------------------------------------------------------
Alexander Nylander 0 0 0 0 0 2 0 0 0 0 0/0 7:37 0:00 0:00
Chris Tierney 3 0 3 0 0 6 1 0 1 0 8/14 16:30 2:19 0:06
Dean Kukan 0 0 0 0 0 1 2 0 0 0 0/0 13:20 0:00 0:00
Dennis Cholowski 0 0 0 0 0 1 0 2 0 0 0/0 13:20 0:00 0:00
Emil Bemstrom 0 0 0 0 0 2 2 1 2 0 0/0 12:03 0:00 0:03
Henrik Borgstrom 0 0 0 0 0 1 1 0 0 0 3/6 8:02 0:00 0:25
Milan Lucic 0 1 1 0 2 3 1 1 1 0 0/1 16:05 2:34 0:00
Nolan Foote 0 0 0 0 0 0 0 0 0 0 0/0 7:37 0:00 0:00
Pavel Dorofeyev 0 0 0 0 0 0 3 1 0 0 0/1 12:08 0:00 0:28
Philipp Kurashev 0 0 0 0 0 0 0 0 0 0 4/13 12:00 0:00 0:00
Pierre-Edouard Bellemare 1 0 1 -1 0 7 1 0 0 1 0/0 23:28 3:20 0:40
Robert Bortuzzo 0 0 0 -1 0 3 1 2 0 1 0/0 27:02 3:24 1:08
Sammy Blais 0 2 2 0 0 0 2 0 0 0 0/1 15:51 2:19 0:00
Teddy Blueger 0 0 0 -1 0 5 2 3 0 0 17/32 23:28 3:20 0:40
Timothy Liljegren 0 1 1 0 0 1 3 1 0 0 0/0 19:38 2:15 0:03
Tucker Poolman 0 0 0 0 0 1 0 0 0 0 0/0 19:38 2:15 0:03
Zach Aston-Reese 0 0 0 -1 2 3 2 1 3 1 0/0 22:21 3:05 0:00
Zach Whitecloud 0 2 2 -1 0 5 3 1 2 1 0/0 27:02 3:24 1:08
Players Stats for Toronto St Pats
Player Name G A P +/- PIM S H SB GA TA FO MP PP MP PK MP
------------------------------------------------------------------------------------
Antonio Stranges 0 0 0 0 0 0 0 0 0 0 1/2 9:05 0:00 0:00
Austin Watson 1 1 2 1 2 5 4 1 0 0 0/0 21:28 0:24 2:52
Brad Malone 0 0 0 0 0 5 0 0 0 1 1/2 15:03 0:00 2:32
Connor Dewar 0 0 0 0 0 0 1 1 0 0 0/0 11:44 0:00 0:00
Dylan Samberg 0 0 0 1 0 2 1 1 1 1 0/0 24:41 0:44 3:59
Glenn Gawdin 0 0 0 0 4 3 0 0 0 1 11/17 14:05 0:24 0:44
Ivan Lodnia 0 0 0 0 0 1 2 0 0 0 0/0 9:39 0:00 0:00
Jake Leschyshyn 0 0 0 0 0 4 3 0 0 0 8/16 16:47 0:00 3:29
Jesse Puljujarvi 0 2 2 1 2 6 5 1 0 1 1/1 18:18 0:46 0:00
Lassi Thomson 0 0 0 1 0 2 2 1 0 1 0/0 24:41 0:44 3:59
Liam Foudy 0 0 0 0 0 0 1 1 1 0 0/0 13:07 0:24 0:19
Lucas Carlsson 0 1 1 1 0 0 0 1 0 1 0/0 15:25 0:27 1:25
Luke Henman 0 0 0 0 0 3 1 0 0 1 2/5 9:31 0:00 0:00
Nikita Okhotyuk 0 0 0 1 2 1 1 1 0 0 0/0 13:13 0:00 0:00
Pierre-Olivier Joseph 0 0 0 -1 0 0 2 0 0 1 0/0 21:38 0:00 1:40
Quinton Byfield 1 0 1 1 2 3 1 0 1 0 12/25 18:45 0:47 0:00
Rudolfs Balcers 0 0 0 0 0 5 1 1 1 0 0/0 15:07 0:47 1:22
Scott Perunovich 0 0 0 -1 0 0 0 1 0 1 0/0 20:21 0:27 0:15
3 Stars
1 - Chris Tierney (HAV)
2 - Eric Comrie (HAV)
3 - Austin Watson (TSP)
Power Play
Havana Tropicals - 3 on 6 Attempt(s) - 50.00%
Toronto St Pats - 0 on 2 Attempt(s) - 0.00%
Penalty Kill
Havana Tropicals - 2 on 2 Attempt(s) - 100.00%
- Score 0 goal in Penalty Kill
Toronto St Pats - 3 on 6 Attempt(s) - 50.00%
- Score 0 goal in Penalty Kill
Team Stat
Havana Tropicals - Hits : 24 - Faceoff Wins : 32 - Blocked Shots : 13 - Penalty Minutes : 4
Toronto St Pats - Hits : 25 - Faceoff Wins : 36 - Blocked Shots : 10 - Penalty Minutes : 12
Official
Referees : Unknown
Linesman : Unknown
Game Notes
Chris Tierney has scored a Hat Trick!
Havana Tropicals
5 vs 5 Forward
Center Left Wing Right Wing Time % Phy DF OF
1 Teddy Blueger Pierre-Edouard Bellemare Zach Aston-Reese 40 1 2 2
2 Chris Tierney Milan Lucic Sammy Blais 30 1 2 2
3 Philipp Kurashev Emil Bemstrom Pavel Dorofeyev 20 1 2 2
4 Henrik Borgstrom Nolan Foote Alexander Nylander 10 1 2 2
5 vs 5 Defense
Defense Defense Time % Phy DF OF
1 Zach Whitecloud Robert Bortuzzo 40 1 2 2
2 Tucker Poolman Timothy Liljegren 30 1 2 2
3 Dean Kukan Dennis Cholowski 20 1 2 2
4 Zach Whitecloud Robert Bortuzzo 10 1 2 2
PowerPlay Forward
Center Left Wing Right Wing Time % Phy DF OF
1 Teddy Blueger Pierre-Edouard Bellemare Zach Aston-Reese 60 1 2 2
2 Chris Tierney Milan Lucic Sammy Blais 40 1 2 2
PowerPlay Defense
Defense Defense Time % Phy DF OF
1 Zach Whitecloud Robert Bortuzzo 60 1 2 2
2 Tucker Poolman Timothy Liljegren 40 1 2 2
Penalty Kill 4 Players Forward
Center Wing Time % Phy DF OF
1 Teddy Blueger Pierre-Edouard Bellemare 60 1 2 2
2 Chris Tierney Zach Aston-Reese 40 1 2 2
Penalty Kill 4 Players Defense
Defense Defense Time % Phy DF OF
1 Zach Whitecloud Robert Bortuzzo 60 1 2 2
2 Tucker Poolman Timothy Liljegren 40 1 2 2
Penalty Kill - 3 Players Forward
Forward Time % Phy DF OF
1 Teddy Blueger 60 1 2 2
2 Pierre-Edouard Bellemare 40 1 2 2
Penalty Kill - 3 Players Defense
Defense Defense Time % Phy DF OF
1 Zach Whitecloud Robert Bortuzzo 60 1 2 2
2 Tucker Poolman Timothy Liljegren 40 1 2 2
4 vs 4 Forward
Center Wing Time % Phy DF OF
1 Teddy Blueger Pierre-Edouard Bellemare 60 1 2 2
2 Chris Tierney Zach Aston-Reese 40 1 2 2
4 vs 4 Defense
Defense Defense Time % Phy DF OF
1 Zach Whitecloud Robert Bortuzzo 60 1 2 2
2 Tucker Poolman Timothy Liljegren 40 1 2 2
Last Minutes Offensive
Center Left Wing Right Wing Defense Defense
Teddy Blueger Pierre-Edouard Bellemare Zach Aston-Reese Zach Whitecloud Robert Bortuzzo
Last Minutes Defensive
Center Left Wing Right Wing Defense Defense
Teddy Blueger Pierre-Edouard Bellemare Zach Aston-Reese Zach Whitecloud Robert Bortuzzo
Goaltenders
Starting : Eric Comrie
Backup : Arvid Soderblom
Extra Forwards
Normal : Philipp Kurashev, Emil Bemstrom, Pavel Dorofeyev - PP : Philipp Kurashev, Emil Bemstrom - PK : Pavel Dorofeyev
Extra Defensemen
Normal : Dean Kukan, Dennis Cholowski, Tucker Poolman - PP : Dean Kukan - PK : Dennis Cholowski, Tucker Poolman
Penalty Shots
Teddy Blueger, Pierre-Edouard Bellemare, Chris Tierney, Zach Aston-Reese, Milan Lucic
Toronto St Pats
5 vs 5 Forward
Center Left Wing Right Wing Time % Phy DF OF
1 Quinton Byfield Austin Watson Jesse Puljujarvi 40 1 2 2
2 Glenn Gawdin Brad Malone Rudolfs Balcers 30 1 2 2
3 Jake Leschyshyn Connor Dewar Liam Foudy 20 1 2 2
4 Luke Henman Antonio Stranges Ivan Lodnia 10 1 2 2
5 vs 5 Defense
Defense Defense Time % Phy DF OF
1 Dylan Samberg Lassi Thomson 40 1 2 2
2 Pierre-Olivier Joseph Scott Perunovich 30 1 2 2
3 Lucas Carlsson Nikita Okhotyuk 20 1 2 2
4 Pierre-Olivier Joseph Scott Perunovich 10 1 2 2
PowerPlay Forward
Center Left Wing Right Wing Time % Phy DF OF
1 Quinton Byfield Rudolfs Balcers Jesse Puljujarvi 60 1 2 2
2 Glenn Gawdin Austin Watson Liam Foudy 40 1 2 2
PowerPlay Defense
Defense Defense Time % Phy DF OF
1 Dylan Samberg Lassi Thomson 60 1 2 2
2 Scott Perunovich Lucas Carlsson 40 1 2 2
Penalty Kill 4 Players Forward
Center Wing Time % Phy DF OF
1 Jake Leschyshyn Austin Watson 60 1 2 2
2 Glenn Gawdin Rudolfs Balcers 40 1 2 2
Penalty Kill 4 Players Defense
Defense Defense Time % Phy DF OF
1 Dylan Samberg Lassi Thomson 60 1 2 2
2 Lucas Carlsson Pierre-Olivier Joseph 40 1 2 2
Penalty Kill - 3 Players Forward
Forward Time % Phy DF OF
1 Jake Leschyshyn 60 1 2 2
2 Glenn Gawdin 40 1 2 2
Penalty Kill - 3 Players Defense
Defense Defense Time % Phy DF OF
1 Dylan Samberg Lassi Thomson 60 1 2 2
2 Lucas Carlsson Pierre-Olivier Joseph 40 1 2 2
4 vs 4 Forward
Center Wing Time % Phy DF OF
1 Jake Leschyshyn Liam Foudy 60 1 2 2
2 Glenn Gawdin Rudolfs Balcers 40 1 2 2
4 vs 4 Defense
Defense Defense Time % Phy DF OF
1 Pierre-Olivier Joseph Scott Perunovich 60 1 2 2
2 Lucas Carlsson Nikita Okhotyuk 40 1 2 2
Last Minutes Offensive
Center Left Wing Right Wing Defense Defense
Quinton Byfield Rudolfs Balcers Jesse Puljujarvi Dylan Samberg Lassi Thomson
Last Minutes Defensive
Center Left Wing Right Wing Defense Defense
Glenn Gawdin Austin Watson Rudolfs Balcers Dylan Samberg Lassi Thomson
Goaltenders
Starting : Jakub Skarek
Backup : Jonathan Bernier
Extra Forwards
Normal : Liam Foudy, Ivan Lodnia, Luke Henman - PP : Brad Malone, Connor Dewar - PK : Brad Malone
Extra Defensemen
Normal : Lucas Carlsson, Nikita Okhotyuk, Scott Perunovich - PP : Pierre-Olivier Joseph - PK : Scott Perunovich, Nikita Okhotyuk
Penalty Shots
Quinton Byfield, Glenn Gawdin, Liam Foudy, Austin Watson, Pierre-Olivier Joseph
% Time on Ice - Havana Tropicals
Lines # - Real PCT - Wanted PCT - Time Play
Normal Forward
1 - 36% - 40% - 18:44
2 - 26% - 30% - 13:32
3 - 23% - 20% - 11:40
4 - 15% - 10% - 7:37
Normal Defense
1 - 37% - 40% - 19:16
2 - 32% - 30% - 16:38
3 - 26% - 20% - 13:20
4 - 4% - 10% - 2:19
PP Forward
1 - 59% - 60% - 3:20
2 - 41% - 40% - 2:19
PP Defense
1 - 60% - 60% - 3:24
2 - 40% - 40% - 2:15
PK Forward
1 - 92% - 60% - 1:05
2 - 8% - 40% - 0:06
PK Defense
1 - 96% - 60% - 1:08
2 - 4% - 40% - 0:03
PK3 Forward
1 - 0% - 60%
2 - 0% - 40%
PK3 Defense
1 - 0% - 60%
2 - 0% - 40%
44 Forward
1 - 66% - 60% - 1:04
2 - 34% - 40% - 0:33
44 Defense
1 - 57% - 60% - 0:55
2 - 43% - 40% - 0:42
Last Minute Offensive - 0:00
Last Minute Defensive - 0:00
Total
Forward - 60:00
Defense - 60:00
|
% Time on Ice - Toronto St Pats
Lines # - Real PCT - Wanted PCT - Time Play
Normal Forward
1 - 35% - 40% - 18:13
2 - 24% - 30% - 12:31
3 - 23% - 20% - 11:44
4 - 18% - 10% - 9:05
Normal Defense
1 - 39% - 40% - 19:58
2 - 29% - 30% - 15:06
3 - 24% - 20% - 12:14
4 - 8% - 10% - 4:15
PP Forward
1 - 66% - 60% - 0:47
2 - 34% - 40% - 0:24
PP Defense
1 - 62% - 60% - 0:44
2 - 38% - 40% - 0:27
PK Forward
1 - 78% - 60% - 4:26
2 - 22% - 40% - 1:13
PK Defense
1 - 75% - 60% - 4:14
2 - 25% - 40% - 1:25
PK3 Forward
1 - 0% - 60%
2 - 0% - 40%
PK3 Defense
1 - 0% - 60%
2 - 0% - 40%
44 Forward
1 - 72% - 60% - 1:10
2 - 28% - 40% - 0:27
44 Defense
1 - 49% - 60% - 0:48
2 - 51% - 40% - 0:49
Last Minute Offensive - 0:00
Last Minute Defensive - 0:00
Total
Forward - 60:00
Defense - 60:00
|
Play-by-Play
1st period
0:01 of 1st period - Quinton Byfield wins face-off versus Teddy Blueger in neutral zone.
0:08 of 1st period - Snap shot by Austin Watson.
0:08 of 1st period - Shot Blocked by Robert Bortuzzo.
0:10 of 1st period - Slapshot by Dylan Samberg.
0:10 of 1st period - Stopped by Eric Comrie with a rebound.
0:14 of 1st period - Snap shot by Quinton Byfield.
0:14 of 1st period - Shot Blocked by Teddy Blueger.
0:16 of 1st period - Slapshot by Lassi Thomson.
0:16 of 1st period - Shot Blocked by Robert Bortuzzo.
0:26 of 1st period - Dylan Samberg is hit by Chris Tierney and loses puck.
0:48 of 1st period - Snap shot by Rudolfs Balcers.
0:48 of 1st period - Shot Blocked by Timothy Liljegren.
0:54 of 1st period - Connor Dewar is hit by Emil Bemstrom and loses puck.
1:09 of 1st period - Backhand shot by Dylan Samberg.
1:09 of 1st period - Stopped by Eric Comrie without a rebound.
1:10 of 1st period - Henrik Borgstrom wins face-off versus Luke Henman in Havana Tropicals zone.
1:23 of 1st period - Wrist shot by Henrik Borgstrom.
1:23 of 1st period - Stopped by Jakub Skarek with a rebound.
1:33 of 1st period - Robert Bortuzzo is hit by Pierre-Olivier Joseph and loses puck.
1:44 of 1st period - Slapshot by Scott Perunovich.
1:44 of 1st period - Deflect By Luke Henman.
1:44 of 1st period - Shot Misses the Net.
1:44 of 1st period - Puck is out of play.
1:45 of 1st period - Teddy Blueger wins face-off versus Quinton Byfield in Havana Tropicals zone.
1:52 of 1st period - Backhand shot by Jesse Puljujarvi.
1:52 of 1st period - Stopped by Eric Comrie without a rebound.
1:53 of 1st period - Teddy Blueger wins face-off versus Quinton Byfield in Havana Tropicals zone.
1:53 of 1st period - Teddy Blueger is hit by Jesse Puljujarvi.
2:09 of 1st period - Snap shot by Pierre-Edouard Bellemare.
2:09 of 1st period - Shot Blocked by Lucas Carlsson.
2:20 of 1st period - Wrist shot by Austin Watson.
2:20 of 1st period - Shot Misses the Net.
2:36 of 1st period - Slapshot by Austin Watson.
2:36 of 1st period - Shot Misses the Net.
2:38 of 1st period - Snap shot by Austin Watson.
2:38 of 1st period - Shot Misses the Net.
2:48 of 1st period - Wrist shot by Quinton Byfield.
2:48 of 1st period - Shot Misses the Net.
2:50 of 1st period - Snap shot by Austin Watson.
2:50 of 1st period - Stopped by Eric Comrie with a rebound.
2:52 of 1st period - Slapshot by Jesse Puljujarvi.
2:52 of 1st period - Shot Misses the Net.
2:54 of 1st period - Wrist shot by Quinton Byfield.
2:54 of 1st period - Stopped by Eric Comrie without a rebound.
2:55 of 1st period - Chris Tierney wins face-off versus Glenn Gawdin in Havana Tropicals zone.
3:02 of 1st period - Wrist shot by Chris Tierney.
3:02 of 1st period - Deflect By Milan Lucic.
3:02 of 1st period - Shot Misses the Net.
3:02 of 1st period - Puck is out of play.
3:03 of 1st period - Glenn Gawdin wins face-off versus Chris Tierney in Toronto St Pats zone.
3:03 of 1st period - Glenn Gawdin is hit by Sammy Blais.
3:37 of 1st period - Slapshot by Milan Lucic.
3:37 of 1st period - Shot Blocked by Rudolfs Balcers.
3:45 of 1st period - Snap shot by Chris Tierney.
3:45 of 1st period - Shot Hit the Post.
4:06 of 1st period - Snap shot by Rudolfs Balcers.
4:06 of 1st period - Shot Misses the Net.
4:10 of 1st period - Wrist shot by Rudolfs Balcers.
4:10 of 1st period - Stopped by Eric Comrie with a rebound.
4:24 of 1st period - Rudolfs Balcers is hit by Timothy Liljegren and loses puck.
4:30 of 1st period - Off-side.
4:31 of 1st period - Jake Leschyshyn wins face-off versus Philipp Kurashev in neutral zone.
4:36 of 1st period - Snap shot by Jake Leschyshyn.
4:36 of 1st period - Stopped by Eric Comrie without a rebound.
4:37 of 1st period - Jake Leschyshyn wins face-off versus Philipp Kurashev in Havana Tropicals zone.
5:23 of 1st period - Slapshot by Lassi Thomson.
5:23 of 1st period - Stopped by Eric Comrie without a rebound.
5:24 of 1st period - Luke Henman wins face-off versus Henrik Borgstrom in Havana Tropicals zone.
5:38 of 1st period - Icing by Ivan Lodnia.
5:39 of 1st period - Antonio Stranges wins face-off versus Philipp Kurashev in Toronto St Pats zone.
5:39 of 1st period - Antonio Stranges is hit by Pavel Dorofeyev.
5:47 of 1st period - Zach Whitecloud is hit by Ivan Lodnia and loses puck.
6:04 of 1st period - Slapshot by Lucas Carlsson.
6:04 of 1st period - Shot Misses the Net.
6:28 of 1st period - Wrist shot by Luke Henman.
6:28 of 1st period - Stopped by Eric Comrie with a rebound.
6:30 of 1st period - Slapshot by Lucas Carlsson.
6:30 of 1st period - Deflect By Ivan Lodnia.
6:30 of 1st period - Shot Misses the Net.
6:30 of 1st period - Puck is out of play.
6:31 of 1st period - Teddy Blueger wins face-off versus Quinton Byfield in Havana Tropicals zone.
6:56 of 1st period - Pierre-Olivier Joseph is hit by Dean Kukan and loses puck.
7:16 of 1st period - Icing by Dylan Samberg.
7:17 of 1st period - Brad Malone wins face-off versus Henrik Borgstrom in Toronto St Pats zone.
8:22 of 1st period - Off-side.
8:23 of 1st period - Chris Tierney wins face-off versus Luke Henman in neutral zone.
8:29 of 1st period - Minor Penalty to Nikita Okhotyuk for Slashing.
8:30 of 1st period - Teddy Blueger wins face-off versus Jake Leschyshyn in Toronto St Pats zone.
8:30 of 1st period - Snap shot by Pierre-Edouard Bellemare.
8:30 of 1st period - Stopped by Jakub Skarek without a rebound.
8:31 of 1st period - Jake Leschyshyn wins face-off versus Teddy Blueger in Toronto St Pats zone.
8:36 of 1st period - Wrist shot by Pierre-Edouard Bellemare.
8:36 of 1st period - Shot Misses the Net.
8:38 of 1st period - Snap shot by Pierre-Edouard Bellemare.
8:38 of 1st period - Goal by Pierre-Edouard Bellemare - Havana Tropicals : 1 - Toronto St Pats : 0.
8:39 of 1st period - Quinton Byfield wins face-off versus Teddy Blueger in neutral zone.
8:54 of 1st period - Slapshot by Teddy Blueger.
8:54 of 1st period - Stopped by Jakub Skarek without a rebound.
8:55 of 1st period - Chris Tierney wins face-off versus Jake Leschyshyn in Toronto St Pats zone.
9:21 of 1st period - Pierre-Edouard Bellemare is hit by Austin Watson and loses puck.
10:13 of 1st period - Tucker Poolman is hit by Connor Dewar and loses puck.
10:34 of 1st period - Backhand shot by Quinton Byfield.
10:34 of 1st period - Shot Misses the Net.
12:02 of 1st period - Snap shot by Pierre-Edouard Bellemare.
12:02 of 1st period - Stopped by Jakub Skarek with a rebound.
12:04 of 1st period - Wrist shot by Teddy Blueger.
12:04 of 1st period - Shot Misses the Net.
12:06 of 1st period - Slapshot by Zach Whitecloud.
12:06 of 1st period - Stopped by Jakub Skarek with a rebound.
12:20 of 1st period - Snap shot by Emil Bemstrom.
12:20 of 1st period - Shot Misses the Net.
12:25 of 1st period - Off-side.
12:26 of 1st period - Quinton Byfield wins face-off versus Philipp Kurashev in neutral zone.
12:29 of 1st period - Zach Whitecloud is hit by Jesse Puljujarvi and loses puck.
12:53 of 1st period - Minor Penalty to Austin Watson for Hooking.
12:54 of 1st period - Jake Leschyshyn wins face-off versus Teddy Blueger in Toronto St Pats zone.
13:00 of 1st period - Backhand shot by Brad Malone.
13:00 of 1st period - Stopped by Eric Comrie without a rebound.
13:01 of 1st period - Teddy Blueger wins face-off versus Jake Leschyshyn in Havana Tropicals zone.
13:32 of 1st period - Snap shot by Chris Tierney.
13:32 of 1st period - Goal by Chris Tierney - Havana Tropicals : 2 - Toronto St Pats : 0.
13:33 of 1st period - Quinton Byfield wins face-off versus Teddy Blueger in neutral zone.
13:38 of 1st period - Snap shot by Jesse Puljujarvi.
13:38 of 1st period - Stopped by Eric Comrie with a rebound.
13:40 of 1st period - Snap shot by Quinton Byfield.
13:40 of 1st period - Shot Blocked by Teddy Blueger.
13:42 of 1st period - Snap shot by Jesse Puljujarvi.
13:42 of 1st period - Stopped by Eric Comrie without a rebound.
13:43 of 1st period - Teddy Blueger wins face-off versus Quinton Byfield in Havana Tropicals zone.
13:58 of 1st period - Austin Watson is hit by Zach Aston-Reese and loses puck.
14:17 of 1st period - Snap shot by Austin Watson.
14:17 of 1st period - Stopped by Eric Comrie with a rebound.
14:19 of 1st period - Snap shot by Lassi Thomson.
14:19 of 1st period - Deflect By Teddy Blueger.
14:19 of 1st period - Stopped by Eric Comrie without a rebound.
14:20 of 1st period - Glenn Gawdin wins face-off versus Sammy Blais in Havana Tropicals zone.
14:27 of 1st period - Snap shot by Glenn Gawdin.
14:27 of 1st period - Stopped by Eric Comrie without a rebound.
14:28 of 1st period - Glenn Gawdin wins face-off versus Chris Tierney in Havana Tropicals zone.
14:35 of 1st period - Backhand shot by Brad Malone.
14:35 of 1st period - Stopped by Eric Comrie without a rebound.
14:36 of 1st period - Teddy Blueger wins face-off versus Brad Malone in Havana Tropicals zone.
15:23 of 1st period - Wrist shot by Emil Bemstrom.
15:23 of 1st period - Shot Blocked by Liam Foudy.
15:25 of 1st period - Slapshot by Dean Kukan.
15:25 of 1st period - Stopped by Jakub Skarek without a rebound.
15:26 of 1st period - Jake Leschyshyn wins face-off versus Teddy Blueger in Toronto St Pats zone.
15:51 of 1st period - Chris Tierney is hit by Rudolfs Balcers and loses puck.
16:25 of 1st period - Pavel Dorofeyev is hit by Jesse Puljujarvi and loses puck.
16:36 of 1st period - Snap shot by Emil Bemstrom.
16:36 of 1st period - Shot Misses the Net.
16:38 of 1st period - Slapshot by Teddy Blueger.
16:38 of 1st period - Deflect By Pierre-Edouard Bellemare.
16:38 of 1st period - Shot Misses the Net.
16:38 of 1st period - Puck is out of play.
16:39 of 1st period - Teddy Blueger wins face-off versus Luke Henman in Toronto St Pats zone.
16:42 of 1st period - Wrist shot by Teddy Blueger.
16:42 of 1st period - Shot Misses the Net.
16:50 of 1st period - Slapshot by Dylan Samberg.
16:50 of 1st period - Shot Misses the Net.
16:52 of 1st period - Snap shot by Ivan Lodnia.
16:52 of 1st period - Shot Misses the Net.
17:21 of 1st period - Snap shot by Luke Henman.
17:21 of 1st period - Stopped by Eric Comrie with a rebound.
17:34 of 1st period - Wrist shot by Teddy Blueger.
17:34 of 1st period - Shot Misses the Net.
17:36 of 1st period - Wrist shot by Pierre-Edouard Bellemare.
17:36 of 1st period - Shot Misses the Net.
17:38 of 1st period - Slapshot by Teddy Blueger.
17:38 of 1st period - Shot Misses the Net.
17:40 of 1st period - Slapshot by Zach Aston-Reese.
17:40 of 1st period - Deflect By Scott Perunovich.
17:40 of 1st period - Stopped by Jakub Skarek with a rebound.
17:49 of 1st period - Wrist shot by Pierre-Edouard Bellemare.
17:49 of 1st period - Stopped by Jakub Skarek with a rebound.
17:51 of 1st period - Slapshot by Dennis Cholowski.
17:51 of 1st period - Stopped by Jakub Skarek with a rebound.
18:02 of 1st period - Wrist shot by Teddy Blueger.
18:02 of 1st period - Stopped by Jakub Skarek without a rebound.
18:03 of 1st period - Quinton Byfield wins face-off versus Chris Tierney in Toronto St Pats zone.
18:08 of 1st period - Snap shot by Quinton Byfield.
18:08 of 1st period - Shot Blocked by Milan Lucic.
18:10 of 1st period - Wrist shot by Austin Watson.
18:10 of 1st period - Shot Misses the Net.
18:16 of 1st period - Snap shot by Austin Watson.
18:16 of 1st period - Stopped by Eric Comrie with a rebound.
18:18 of 1st period - Snap shot by Jesse Puljujarvi.
18:18 of 1st period - Stopped by Eric Comrie without a rebound.
18:19 of 1st period - Glenn Gawdin wins face-off versus Philipp Kurashev in Havana Tropicals zone.
18:22 of 1st period - Wrist shot by Rudolfs Balcers.
18:22 of 1st period - Stopped by Eric Comrie without a rebound.
18:23 of 1st period - Philipp Kurashev wins face-off versus Glenn Gawdin in Havana Tropicals zone.
18:48 of 1st period - Off-side.
18:49 of 1st period - Henrik Borgstrom wins face-off versus Quinton Byfield in neutral zone.
19:16 of 1st period - Milan Lucic is hit by Pierre-Olivier Joseph.
19:20 of 1st period - Wrist shot by Chris Tierney.
19:20 of 1st period - Stopped by Jakub Skarek with a rebound.
19:38 of 1st period - Snap shot by Rudolfs Balcers.
19:38 of 1st period - Stopped by Eric Comrie with a rebound.
Goals for this period are 2 for Havana Tropicals vs 0 for Toronto St Pats.
Shots for this period are 13 for Havana Tropicals vs 21 for Toronto St Pats.
2nd period
0:01 of 2nd period - Chris Tierney wins face-off versus Quinton Byfield in neutral zone.
0:14 of 2nd period - Wrist shot by Milan Lucic.
0:14 of 2nd period - Stopped by Jakub Skarek with a rebound.
0:16 of 2nd period - Wrist shot by Chris Tierney.
0:16 of 2nd period - Goal by Chris Tierney - Havana Tropicals : 3 - Toronto St Pats : 0.
0:17 of 2nd period - Teddy Blueger wins face-off versus Quinton Byfield in neutral zone.
0:33 of 2nd period - Backhand shot by Teddy Blueger.
0:33 of 2nd period - Shot Blocked by Jesse Puljujarvi.
0:43 of 2nd period - Lassi Thomson is hit by Emil Bemstrom and loses puck.
0:54 of 2nd period - Zach Whitecloud is hit by Austin Watson.
0:58 of 2nd period - Austin Watson is hit by Zach Whitecloud and loses puck.
1:05 of 2nd period - Snap shot by Quinton Byfield.
1:05 of 2nd period - Shot Misses the Net.
1:14 of 2nd period - Wrist shot by Milan Lucic.
1:14 of 2nd period - Shot Blocked by Scott Perunovich.
1:56 of 2nd period - Snap shot by Teddy Blueger.
1:56 of 2nd period - Shot Misses the Net.
1:58 of 2nd period - Slapshot by Zach Aston-Reese.
1:58 of 2nd period - Stopped by Jakub Skarek without a rebound.
1:59 of 2nd period - Glenn Gawdin wins face-off versus Milan Lucic in Toronto St Pats zone.
2:06 of 2nd period - Wrist shot by Glenn Gawdin.
2:06 of 2nd period - Stopped by Eric Comrie with a rebound.
2:08 of 2nd period - Slapshot by Lassi Thomson.
2:08 of 2nd period - Shot Blocked by Dennis Cholowski.
2:10 of 2nd period - Wrist shot by Dylan Samberg.
2:10 of 2nd period - Shot Misses the Net.
2:43 of 2nd period - Jake Leschyshyn is hit by Dean Kukan and loses puck.
3:01 of 2nd period - Teddy Blueger is hit by Jake Leschyshyn.
3:37 of 2nd period - Snap shot by Jake Leschyshyn.
3:37 of 2nd period - Shot Blocked by Dennis Cholowski.
3:46 of 2nd period - Snap shot by Jake Leschyshyn.
3:46 of 2nd period - Shot Blocked by Teddy Blueger.
3:48 of 2nd period - Slapshot by Nikita Okhotyuk.
3:48 of 2nd period - Stopped by Eric Comrie without a rebound.
3:49 of 2nd period - Chris Tierney wins face-off versus Quinton Byfield in Havana Tropicals zone.
3:55 of 2nd period - Minor Penalty to Milan Lucic for Interference.
3:56 of 2nd period - Quinton Byfield wins face-off versus Pavel Dorofeyev in Havana Tropicals zone.
4:05 of 2nd period - Wrist shot by Quinton Byfield.
4:05 of 2nd period - Stopped by Eric Comrie with a rebound.
4:07 of 2nd period - Snap shot by Quinton Byfield.
4:07 of 2nd period - Shot Blocked by Pavel Dorofeyev.
4:17 of 2nd period - Minor Penalty to Jesse Puljujarvi for Tripping.
4:18 of 2nd period - Jake Leschyshyn wins face-off versus Teddy Blueger in Toronto St Pats zone.
5:29 of 2nd period - Snap shot by Glenn Gawdin.
5:29 of 2nd period - Shot Misses the Net.
5:55 of 2nd period - Penalty to Milan Lucic is over, Milan Lucic is back on ice.
6:07 of 2nd period - Snap shot by Milan Lucic.
6:07 of 2nd period - Shot Misses the Net.
6:09 of 2nd period - Slapshot by Timothy Liljegren.
6:09 of 2nd period - Stopped by Jakub Skarek without a rebound.
6:10 of 2nd period - Chris Tierney wins face-off versus Jake Leschyshyn in Toronto St Pats zone.
6:17 of 2nd period - Penalty to Jesse Puljujarvi is over, Jesse Puljujarvi is back on ice.
6:19 of 2nd period - Snap shot by Sammy Blais.
6:19 of 2nd period - Deflect By Milan Lucic.
6:19 of 2nd period - Stopped by Jakub Skarek with a rebound.
6:21 of 2nd period - Slapshot by Robert Bortuzzo.
6:21 of 2nd period - Deflect By Austin Watson.
6:21 of 2nd period - Stopped by Jakub Skarek with a rebound.
7:03 of 2nd period - Wrist shot by Alexander Nylander.
7:03 of 2nd period - Stopped by Jakub Skarek with a rebound.
7:55 of 2nd period - Emil Bemstrom is hit by Jake Leschyshyn and loses puck.
8:01 of 2nd period - Icing by Robert Bortuzzo.
8:02 of 2nd period - Philipp Kurashev wins face-off versus Quinton Byfield in Havana Tropicals zone.
8:02 of 2nd period - Philipp Kurashev is hit by Jesse Puljujarvi.
8:10 of 2nd period - Snap shot by Philipp Kurashev.
8:10 of 2nd period - Shot Misses the Net.
8:12 of 2nd period - Slapshot by Zach Whitecloud.
8:12 of 2nd period - Shot Blocked by Dylan Samberg.
8:14 of 2nd period - Wrist shot by Zach Whitecloud.
8:14 of 2nd period - Stopped by Jakub Skarek with a rebound.
8:20 of 2nd period - Slapshot by Emil Bemstrom.
8:20 of 2nd period - Shot Blocked by Austin Watson.
8:22 of 2nd period - Snap shot by Zach Whitecloud.
8:22 of 2nd period - Stopped by Jakub Skarek with a rebound.
8:24 of 2nd period - Slapshot by Zach Whitecloud.
8:24 of 2nd period - Deflect By Quinton Byfield.
8:24 of 2nd period - Stopped by Jakub Skarek with a rebound.
8:28 of 2nd period - Snap shot by Pavel Dorofeyev.
8:28 of 2nd period - Shot Misses the Net.
8:30 of 2nd period - Backhand shot by Zach Whitecloud.
8:30 of 2nd period - Stopped by Jakub Skarek with a rebound.
8:32 of 2nd period - Backhand shot by Emil Bemstrom.
8:32 of 2nd period - Stopped by Jakub Skarek without a rebound.
8:33 of 2nd period - Glenn Gawdin wins face-off versus Chris Tierney in Toronto St Pats zone.
8:35 of 2nd period - Minor Penalty to Glenn Gawdin for Boarding.
8:36 of 2nd period - Teddy Blueger wins face-off versus Jake Leschyshyn in Toronto St Pats zone.
8:52 of 2nd period - Snap shot by Zach Aston-Reese.
8:52 of 2nd period - Shot Misses the Net.
9:06 of 2nd period - Slapshot by Chris Tierney.
9:06 of 2nd period - Goal by Chris Tierney - Havana Tropicals : 4 - Toronto St Pats : 0.
9:07 of 2nd period - Teddy Blueger wins face-off versus Glenn Gawdin in neutral zone.
9:10 of 2nd period - Wrist shot by Teddy Blueger.
9:10 of 2nd period - Stopped by Jakub Skarek with a rebound.
9:12 of 2nd period - Snap shot by Teddy Blueger.
9:12 of 2nd period - Stopped by Jakub Skarek without a rebound.
9:13 of 2nd period - Glenn Gawdin wins face-off versus Teddy Blueger in Toronto St Pats zone.
9:13 of 2nd period - Glenn Gawdin is hit by Pierre-Edouard Bellemare.
10:46 of 2nd period - Lucas Carlsson is hit by Timothy Liljegren and loses puck.
10:53 of 2nd period - Lucas Carlsson is hit by Zach Aston-Reese and loses puck.
11:28 of 2nd period - Nikita Okhotyuk is hit by Henrik Borgstrom and loses puck.
11:37 of 2nd period - Alexander Nylander is hit by Lassi Thomson and loses puck.
11:42 of 2nd period - Slapshot by Jesse Puljujarvi.
11:42 of 2nd period - Stopped by Eric Comrie without a rebound.
11:43 of 2nd period - Glenn Gawdin wins face-off versus Teddy Blueger in Havana Tropicals zone.
12:10 of 2nd period - Milan Lucic is hit by Lassi Thomson.
12:14 of 2nd period - Slapshot by Chris Tierney.
12:14 of 2nd period - Stopped by Jakub Skarek with a rebound.
12:16 of 2nd period - Snap shot by Zach Whitecloud.
12:16 of 2nd period - Shot Blocked by Lassi Thomson.
12:18 of 2nd period - Snap shot by Chris Tierney.
12:18 of 2nd period - Stopped by Jakub Skarek without a rebound.
12:19 of 2nd period - Philipp Kurashev wins face-off versus Quinton Byfield in Toronto St Pats zone.
13:12 of 2nd period - Sammy Blais is hit by Jake Leschyshyn and loses puck.
14:09 of 2nd period - Snap shot by Pierre-Edouard Bellemare.
14:09 of 2nd period - Stopped by Jakub Skarek with a rebound.
14:11 of 2nd period - Slapshot by Robert Bortuzzo.
14:11 of 2nd period - Stopped by Jakub Skarek with a rebound.
14:13 of 2nd period - Wrist shot by Robert Bortuzzo.
14:13 of 2nd period - Shot Hit the Post.
14:27 of 2nd period - Slapshot by Liam Foudy.
14:27 of 2nd period - Shot Misses the Net.
14:34 of 2nd period - Nikita Okhotyuk is hit by Milan Lucic and loses puck.
15:25 of 2nd period - Jesse Puljujarvi is hit by Timothy Liljegren and loses puck.
15:33 of 2nd period - Icing by Lassi Thomson.
15:34 of 2nd period - Jesse Puljujarvi wins face-off versus Teddy Blueger in Toronto St Pats zone.
15:45 of 2nd period - Wrist shot by Quinton Byfield.
15:45 of 2nd period - Goal by Quinton Byfield - Havana Tropicals : 4 - Toronto St Pats : 1.
15:46 of 2nd period - Quinton Byfield wins face-off versus Teddy Blueger in neutral zone.
16:34 of 2nd period - Slapshot by Lassi Thomson.
16:34 of 2nd period - Shot Blocked by Zach Aston-Reese.
16:36 of 2nd period - Slapshot by Ivan Lodnia.
16:36 of 2nd period - Stopped by Eric Comrie with a rebound.
16:38 of 2nd period - Snap shot by Luke Henman.
16:38 of 2nd period - Stopped by Eric Comrie without a rebound.
16:39 of 2nd period - Chris Tierney wins face-off versus Antonio Stranges in Havana Tropicals zone.
17:01 of 2nd period - Icing by Ivan Lodnia.
17:02 of 2nd period - Luke Henman wins face-off versus Philipp Kurashev in Toronto St Pats zone.
17:17 of 2nd period - Snap shot by Emil Bemstrom.
17:17 of 2nd period - Stopped by Jakub Skarek with a rebound.
17:31 of 2nd period - Snap shot by Brad Malone.
17:31 of 2nd period - Stopped by Eric Comrie with a rebound.
17:33 of 2nd period - Wrist shot by Brad Malone.
17:33 of 2nd period - Shot Misses the Net.
17:39 of 2nd period - Snap shot by Rudolfs Balcers.
17:39 of 2nd period - Stopped by Eric Comrie with a rebound.
18:15 of 2nd period - Alexander Nylander is hit by Liam Foudy and loses puck.
18:59 of 2nd period - Snap shot by Chris Tierney.
18:59 of 2nd period - Shot Misses the Net.
19:30 of 2nd period - Slapshot by Zach Aston-Reese.
19:30 of 2nd period - Deflect By Teddy Blueger.
19:30 of 2nd period - Shot Misses the Net.
19:30 of 2nd period - Puck is out of play.
19:31 of 2nd period - Quinton Byfield wins face-off versus Philipp Kurashev in Toronto St Pats zone.
19:35 of 2nd period - Off-side.
19:36 of 2nd period - Quinton Byfield wins face-off versus Philipp Kurashev in neutral zone.
Goals for this period are 2 for Havana Tropicals vs 1 for Toronto St Pats.
Shots for this period are 20 for Havana Tropicals vs 9 for Toronto St Pats.
3rd period
0:01 of 3rd period - Teddy Blueger wins face-off versus Quinton Byfield in neutral zone.
0:33 of 3rd period - Minor Penalty to Glenn Gawdin for Interference.
0:34 of 3rd period - Teddy Blueger wins face-off versus Jake Leschyshyn in Toronto St Pats zone.
0:44 of 3rd period - Snap shot by Zach Aston-Reese.
0:44 of 3rd period - Stopped by Jakub Skarek with a rebound.
0:46 of 3rd period - Slapshot by Robert Bortuzzo.
0:46 of 3rd period - Stopped by Jakub Skarek without a rebound.
0:47 of 3rd period - Teddy Blueger wins face-off versus Jake Leschyshyn in Toronto St Pats zone.
1:23 of 3rd period - Slapshot by Milan Lucic.
1:23 of 3rd period - Stopped by Jakub Skarek with a rebound.
2:33 of 3rd period - Penalty to Glenn Gawdin is over, Glenn Gawdin is back on ice.
2:44 of 3rd period - Ivan Lodnia is hit by Teddy Blueger and loses puck.
2:55 of 3rd period - Philipp Kurashev is hit by Austin Watson and loses puck.
3:30 of 3rd period - Henrik Borgstrom is hit by Nikita Okhotyuk.
3:38 of 3rd period - Nolan Foote is hit by Ivan Lodnia and loses puck.
3:55 of 3rd period - Snap shot by Rudolfs Balcers.
3:55 of 3rd period - Shot Misses the Net.
4:09 of 3rd period - Nikita Okhotyuk is hit by Pavel Dorofeyev and loses puck.
4:20 of 3rd period - Minor Penalty to Quinton Byfield for Holding.
4:21 of 3rd period - Jake Leschyshyn wins face-off versus Teddy Blueger in Toronto St Pats zone.
4:44 of 3rd period - Dylan Samberg is hit by Zach Whitecloud and loses puck.
6:20 of 3rd period - Penalty to Quinton Byfield is over, Quinton Byfield is back on ice.
6:39 of 3rd period - Snap shot by Alexander Nylander.
6:39 of 3rd period - Stopped by Jakub Skarek with a rebound.
6:57 of 3rd period - Wrist shot by Austin Watson.
6:57 of 3rd period - Stopped by Eric Comrie with a rebound.
6:59 of 3rd period - Snap shot by Jake Leschyshyn.
6:59 of 3rd period - Stopped by Eric Comrie without a rebound.
7:00 of 3rd period - Glenn Gawdin wins face-off versus Henrik Borgstrom in Havana Tropicals zone.
7:01 of 3rd period - Wrist shot by Rudolfs Balcers.
7:01 of 3rd period - Stopped by Eric Comrie with a rebound.
7:03 of 3rd period - Wrist shot by Brad Malone.
7:03 of 3rd period - Stopped by Eric Comrie without a rebound.
7:04 of 3rd period - Henrik Borgstrom wins face-off versus Glenn Gawdin in Havana Tropicals zone.
7:55 of 3rd period - Snap shot by Chris Tierney.
7:55 of 3rd period - Shot Blocked by Connor Dewar.
7:57 of 3rd period - Wrist shot by Tucker Poolman.
7:57 of 3rd period - Deflect By Jake Leschyshyn.
7:57 of 3rd period - Stopped by Jakub Skarek without a rebound.
7:58 of 3rd period - Glenn Gawdin wins face-off versus Chris Tierney in Toronto St Pats zone.
8:25 of 3rd period - Pierre-Edouard Bellemare is hit by Jesse Puljujarvi and loses puck.
8:46 of 3rd period - Nikita Okhotyuk is hit by Pavel Dorofeyev.
9:08 of 3rd period - Slapshot by Lucas Carlsson.
9:08 of 3rd period - Deflect By Jake Leschyshyn.
9:08 of 3rd period - Stopped by Eric Comrie with a rebound.
9:10 of 3rd period - Snap shot by Jake Leschyshyn.
9:10 of 3rd period - Stopped by Eric Comrie without a rebound.
9:11 of 3rd period - Jake Leschyshyn wins face-off versus Teddy Blueger in Havana Tropicals zone.
10:03 of 3rd period - Off-side.
10:04 of 3rd period - Teddy Blueger wins face-off versus Quinton Byfield in neutral zone.
10:04 of 3rd period - Teddy Blueger is hit by Quinton Byfield.
10:30 of 3rd period - Brad Malone is hit by Zach Whitecloud and loses puck.
10:37 of 3rd period - Snap shot by Chris Tierney.
10:37 of 3rd period - Shot Misses the Net.
10:39 of 3rd period - Slapshot by Dennis Cholowski.
10:39 of 3rd period - Deflect By Chris Tierney.
10:39 of 3rd period - Shot Blocked by Nikita Okhotyuk.
10:39 of 3rd period - Puck is out of play.
10:40 of 3rd period - Quinton Byfield wins face-off versus Chris Tierney in Toronto St Pats zone.
10:40 of 3rd period - Quinton Byfield is hit by Sammy Blais.
10:46 of 3rd period - Snap shot by Quinton Byfield.
10:46 of 3rd period - Shot Misses the Net.
11:07 of 3rd period - Off-side.
11:08 of 3rd period - Teddy Blueger wins face-off versus Glenn Gawdin in neutral zone.
11:15 of 3rd period - Snap shot by Zach Aston-Reese.
11:15 of 3rd period - Shot Misses the Net.
11:17 of 3rd period - Snap shot by Pierre-Edouard Bellemare.
11:17 of 3rd period - Stopped by Jakub Skarek with a rebound.
11:38 of 3rd period - Wrist shot by Jesse Puljujarvi.
11:38 of 3rd period - Stopped by Eric Comrie with a rebound.
12:21 of 3rd period - Slapshot by Nolan Foote.
12:21 of 3rd period - Shot Misses the Net.
13:03 of 3rd period - Wrist shot by Jesse Puljujarvi.
13:03 of 3rd period - Deflect By Austin Watson.
13:03 of 3rd period - Goal by Austin Watson - Havana Tropicals : 4 - Toronto St Pats : 2.
13:04 of 3rd period - Quinton Byfield wins face-off versus Teddy Blueger in neutral zone.
14:00 of 3rd period - Snap shot by Liam Foudy.
14:00 of 3rd period - Shot Blocked by Zach Whitecloud.
14:18 of 3rd period - Henrik Borgstrom is hit by Luke Henman and loses puck.
14:47 of 3rd period - Timothy Liljegren is hit by Austin Watson and loses puck.
15:54 of 3rd period - Wrist shot by Henrik Borgstrom.
15:54 of 3rd period - Shot Misses the Net.
16:10 of 3rd period - Snap shot by Ivan Lodnia.
16:10 of 3rd period - Shot Misses the Net.
16:12 of 3rd period - Snap shot by Luke Henman.
16:12 of 3rd period - Deflect By Zach Aston-Reese.
16:12 of 3rd period - Shot Misses the Net.
16:12 of 3rd period - Puck is out of play.
16:13 of 3rd period - Teddy Blueger wins face-off versus Jake Leschyshyn in Havana Tropicals zone.
16:24 of 3rd period - Liam Foudy is hit by Teddy Blueger and loses puck.
16:31 of 3rd period - Slapshot by Teddy Blueger.
16:31 of 3rd period - Stopped by Jakub Skarek with a rebound.
16:33 of 3rd period - Snap shot by Pierre-Edouard Bellemare.
16:33 of 3rd period - Stopped by Jakub Skarek with a rebound.
17:36 of 3rd period - Slapshot by Liam Foudy.
17:36 of 3rd period - Deflect By Dean Kukan.
17:36 of 3rd period - Shot Misses the Net.
17:36 of 3rd period - Puck is out of play.
17:37 of 3rd period - Quinton Byfield wins face-off versus Philipp Kurashev in Havana Tropicals zone.
17:48 of 3rd period - Jesse Puljujarvi is hit by Robert Bortuzzo and loses puck.
18:03 of 3rd period - Zach Whitecloud is hit by Dylan Samberg and loses puck.
18:10 of 3rd period - Wrist shot by Glenn Gawdin.
18:10 of 3rd period - Stopped by Eric Comrie without a rebound.
18:11 of 3rd period - Chris Tierney wins face-off versus Glenn Gawdin in Havana Tropicals zone.
18:23 of 3rd period - Slapshot by Brad Malone.
18:23 of 3rd period - Stopped by Eric Comrie without a rebound.
18:24 of 3rd period - Philipp Kurashev wins face-off versus Quinton Byfield in Havana Tropicals zone.
18:31 of 3rd period - Wrist shot by Jesse Puljujarvi.
18:31 of 3rd period - Shot Blocked by Emil Bemstrom.
19:10 of 3rd period - Minor Penalty to Zach Aston-Reese for High sticking.
19:11 of 3rd period - Glenn Gawdin wins face-off versus Teddy Blueger in Havana Tropicals zone.
Goals for this period are 0 for Havana Tropicals vs 1 for Toronto St Pats.
Shots for this period are 8 for Havana Tropicals vs 10 for Toronto St Pats.
Back to the Top